 Dungeon Crawl Stone Soup version 0.20.1-1-g8b1a95d (webtiles) character file.

16 Charly the Ducker (level 2, -1/16 HPs)
             Began as a Spriggan Abyssal Knight on July 21, 2017.
             Was a Follower of Lugonu.
             Slain by a kobold
             ... wielding a +0 club
              (6 damage)
             ... on level 2 of the Dungeon.
             The game lasted 00:02:55 (273 turns).

Charly the Ducker (Spriggan Abyssal Knight)          Turns: 273, Time: 00:02:56

Health: -1/16      AC:  2    Str:  8    XL:     2   Next: 37%
Magic:  4/4        EV: 18    Int: 13    God:    Lugonu [*.....]
Gold:   0          SH:  0    Dex: 15    Spells: 1/1 levels left

rFire    . . .     SeeInvis +   a - +1 short sword
rCold    . . .     Gourm    .   (shield restricted)
rNeg     . . .     Faith    .   b - +0 robe
rPois    .         Spirit   .   (helmet restricted)
rElec    .         Reflect  .   (no cloak)
rCorr    .         Harm     .   (gloves unavailable)
MR       .....                  (boots unavailable)
Stlth    ++........             (no amulet)
Regen    0.1/turn               (no ring)
MPRegen  0.1/turn               (no ring)

@: very quick
A: unfitting armour, see invisible, herbivore 3, speed 3, slow metabolism 2
a: Depart the Abyss, Renounce Religion


You were on level 2 of the Dungeon.
You worshipped Lugonu.
Lugonu was aware of your devotion.
You were not hungry.

You visited 1 branch of the dungeon, and saw 2 of its levels.
You visited the Abyss 1 time.

Inventory:

Hand Weapons
 a - a +1 short sword (weapon)
Armour
 b - a +0 robe (worn)
Scrolls
 f - a scroll of amnesia {unknown}
 g - a scroll of fog {unknown}
 h - a scroll of identify {unknown}
Potions
 d - a potion of invisibility {unknown}
 e - a potion of mutation {unknown}
Comestibles
 c - 2 bread rations


   Skills:
 - Level 2.4 Fighting
 - Level 2.1 Short Blades
 - Level 3.5 Dodging
 + Level 3.5 Stealth
 - Level 1.7 Invocations


You had one spell level left.
You didn't know any spells.

Dungeon Overview and Level Annotations

Branches:
Dungeon (2/15)

Altars:


Innate Abilities, Weirdness & Mutations

You are very small and have problems with some larger weapons.
You are too small for most types of armour.
You have supernaturally acute eyesight. (SInv)
You are a herbivore.
You cover ground extremely quickly.
You need consume almost no food.


Message History

A hobgoblin comes into view.
The hobgoblin shouts!
You see here 8 arrows.
Things that are here:
a dagger; a goblin corpse
There is a stone staircase leading down here.
You climb downwards.
There is a stone staircase leading up here.
Found a stone staircase leading down.
The kobold throws a stone.
The stone barely misses you.
The kobold throws a stone.
The stone closely misses you.
A kobold comes into view. It is wielding a dagger.
The kobold throws a stone.
The stone barely misses you.
There is a stone staircase leading down here.
The kobold hits you with a club.
* * * LOW HITPOINT WARNING * * *
You see here a scroll labeled SOMYAT UXOVIA.
h - a scroll labeled SOMYAT UXOVIA The kobold hits you with a club.
You die...

.#.#.l...# ...S..#..# .###.
..<..##.## #.#.. . w.##.##l####
##.K. #.. .........g.# ###...#
#K.## ...........###.....####
#.... .............#.w(.....#
#.##.
........)......K......#####.##.##
................@..$......#.##..#
####......K......>.w..###.#.# #.#
#.##...............##....###†# #.
##...........(......(.....# #.
#..........####(..........
....l......# ###.........
..#........# #........†
#........# #......... ..#.#..##
#.........


You could see 2 worms, a goblin (wandering), 3 kobolds and a frilled lizard
(sleeping).

Vanquished Creatures
  An adder (D:2)
  2 goblins (D:1)
  A hobgoblin (D:2)
  A frilled lizard (D:2)
  2 kobolds
  A rat (D:1)
8 creatures vanquished.

Notes
Turn   | Place    | Note
-------+----------+-------------------------------------------
     0 | Abyss:1  | Charly the Spriggan Abyssal Knight began the quest for the Orb.
     0 | Abyss:1  | Reached XP level 1. HP: 11/11 MP: 3/3
    19 | D:1      | Escaped the Abyss
   119 | D:1      | Reached skill level 1 in Stealth
   142 | D:2      | Reached XP level 2. HP: 8/16 MP: 4/4
   273 | D:2      | Slain by a kobold

Skill      XL: |  1 |
---------------+----+-----
Stealth        | 3 |  3.5
Fighting       | |  2.4
Short Blades   | |  2.1
Dodging        | |  3.5
Invocations    | |  1.7

Action                   || total
-------------------------++-------
Melee: Short sword       ||    21
 Stab: Sleeping          ||     3
Armor: Robe              ||     1
Dodge: Dodged            ||    19
